 Dungeon Crawl Stone Soup version 0.28-a0-1312-g71652a0310 (webtiles) character file.

Game seed: 5896691029891748157

131 r3xj the Slinger (level 5, -8/43 HPs)
             Began as a Gnoll Hunter on Dec 28, 2021.
             Killed by nerve-wracking pain
             ... invoked by Grinder
              (12 damage)
             ... on level 3 of the Dungeon.
             The game lasted 00:07:07 (2209 turns).

r3xj the Slinger (Gnoll Hunter)                     Turns: 2209, Time: 00:07:08

Health: -8/43      AC:  3    Str: 13    XL:     5   Next: 14%
Magic:  7/7        EV: 13    Int: 11    God:
Gold:   88         SH:  0    Dex: 12    Spells: 6/6 levels left

rFire   . . .      SeeInvis .   a - +1 hunting sling
rCold   . . .      Faith    .   (no shield)
rNeg    . . .      Spirit   .   c - +0 leather armour
rPois   .          Reflect  .   (no helmet)
rElec   .          Harm     .   (no cloak)
rCorr   .          Rampage  .   (no gloves)
Will    .....                   (no boots)
Stlth   ++........              (no amulet)
HPRegen 0.14/turn               (no ring)
MPRegen 0.10/turn               (no ring)

@: no status effects
A: fangs 1, strong nose, distributed training
a: no special abilities


You were on level 3 of the Dungeon.
You visited 1 branch of the dungeon, and saw 4 of its levels.

You collected 88 gold pieces.

Inventory:

Hand Weapons
 a - a +1 hunting sling (weapon)
 b - a +0 short sword
Missiles
 d - 17 sling bullets (quivered ammo)
 f - 152 stones
Armour
 c - a +0 leather armour (worn)
 i - a +0 scale mail
 o - a +1 cloak
Jewellery
 m - a ring of positive energy
Scrolls
 g - a scroll of torment {unknown}
 h - 2 scrolls of identify {unknown}
 j - a scroll of teleportation {unknown}
 k - a scroll of acquirement {unknown}
Potions
 e - a potion of resistance {unknown}
 l - a potion of magic {unknown}
 n - a potion of ambrosia {unknown}
 p - a potion of cancellation {unknown}


   Skills:
 + Level 4.7 Fighting
 + Level 1.4 Short Blades
 + Level 1.4 Long Blades
 + Level 1.4 Axes
 + Level 1.4 Maces & Flails
 + Level 1.4 Polearms
 + Level 1.4 Staves
 + Level 8.6 Slings
 + Level 1.4 Bows
 + Level 1.4 Crossbows
 + Level 1.4 Throwing
 + Level 1.4 Armour
 + Level 4.7 Dodging
 + Level 2.7 Stealth
 + Level 1.4 Shields
 + Level 1.4 Unarmed Combat
 + Level 1.4 Spellcasting
 + Level 1.1 Conjurations
 + Level 1.1 Hexes
 + Level 1.1 Summonings
 + Level 1.1 Necromancy
 + Level 1.1 Translocations
 + Level 1.1 Transmutations
 + Level 1.1 Fire Magic
 + Level 1.1 Ice Magic
 + Level 1.1 Air Magic
 + Level 1.1 Earth Magic
 + Level 1.1 Poison Magic
 + Level 1.5 Invocations
 + Level 1.4 Evocations


You had 6 spell levels left.
You didn't know any spells.
Your spell library contained the following spells:

 Spells                   Type           Power      Damage    Failure   Level
 Animate Skeleton         Necr           6%         N/A       26%         1
 Pain                     Necr           12%        1d4       26%         1
 Vampiric Draining        Necr           3%         2d6       58%         3


Dungeon Overview and Level Annotations

Branches:
Dungeon (4/15)
 Temple: D:4-7

Altars:
Ru

Shops:
D:1 !??=

Annotations:
D:3 Grinder, Pargi


Innate Abilities, Weirdness & Mutations

You have very sharp teeth.
Your uncanny sense of smell can sniff out nearby items.
Your experience applies equally to all skills.


Message History

You see here a rat skeleton.
Grinder blinks!
There is a stone staircase leading down here.
You climb downwards.
The adder hisses angrily.
Found a scroll labelled SISUWOY NUCHU.
There is a stone staircase leading up here.
You climb upwards.
Level annotation: Grinder, Pargi
There is a stone staircase leading down here.
Grinder blinks!
Grinder gestures at you. You resist with significant effort.
Grinder gestures at you.
You barely resist. Grinder gestures at you. Pain shoots through your body!
* * * LOW HITPOINT WARNING * * *
Grinder gestures at you.
You suddenly lose the ability to move!
Grinder blinks!
Grinder hits you but does no damage. Grinder hits you.
* * * LOW HITPOINT WARNING * * *
You writhe in agony.
* * * LOW HITPOINT WARNING * * *
You can move again.
Grinder gestures at you.
You barely resist.
Grinder says, "Wait up."
Grinder gestures at you.
You suddenly lose the ability to move!
You can move again.
Grinder says, "FISH!"
Grinder blinks!
Really attack while wielding your +1 hunting sling?
Okay, then.
Grinder gestures at you. Pain shoots through your body!
You die...

## ####.##
#........###.#..## #.#
.# #.#
#........#..##...# #.#
(# #.#
#........###.###.# #.#
(## #.#
#........##.##...# #.#
..# #.#
#...............## #.#
#.# #.#
#..........#....# #.#
#(# #.#
##########.#....# #.#
..( #.#
###......##.#..).# #.#
...# #รท#
#.....@..##.#.#######.#
...# #.#
#.#...5..##.#.........#
.... #.#
#.#####.###.........###
###.###.# #.#
#...'.........#
#......# #.#
#####.........#
#......# #.#
########### #......#
#.# #......# #.#
####.#.# #.######


You could see Grinder.

Vanquished Creatures
  Ijyb (D:3)
  Terence (D:2)
  An adder (D:2)
  An adder skeleton (D:3)
  A worm (D:2)
  2 dart slugs
  6 endoplasms
  A giant cockroach (D:2)
  4 goblins
  6 hobgoblins
  6 jackals (D:2)
  6 kobolds
  3 quokkas
  7 ball pythons
  4 bats
  5 frilled lizards
  6 rats
61 creatures vanquished.

Notes
Turn   | Place    | Note
-------+----------+-------------------------------------------
     0 | D:1      | r3xj the Gnoll Hunter began the quest for the Orb.
     0 | D:1      | Reached XP level 1. HP: 20/20 MP: 1/1
     7 | D:1      | Found Zywuakly's Assorted Antiques.
    42 | D:1      | Reached XP level 2. HP: 26/26 MP: 2/2
    56 | D:1      | Found Reipn's Magic Scroll Emporium.
   153 | D:1      | Found Zaicesoad's Distillery.
   176 | D:1      | Found Myumocw's Magic Scroll Boutique.
   446 | D:1      | Reached XP level 3. HP: 31/31 MP: 3/3
   544 | D:1      | Found Sujeifupn's Jewellery Boutique.
   755 | D:2      | Noticed Terence
   778 | D:2      | Killed Terence
   779 | D:2      | Reached skill level 1 in Short Blades
   779 | D:2      | Reached skill level 1 in Long Blades
   779 | D:2      | Reached skill level 1 in Axes
   779 | D:2      | Reached skill level 1 in Maces & Flails
   779 | D:2      | Reached skill level 1 in Polearms
   779 | D:2      | Reached skill level 1 in Staves
   779 | D:2      | Reached skill level 1 in Bows
   779 | D:2      | Reached skill level 1 in Crossbows
   779 | D:2      | Reached skill level 1 in Throwing
   779 | D:2      | Reached skill level 1 in Armour
   779 | D:2      | Reached skill level 1 in Shields
   779 | D:2      | Reached skill level 1 in Unarmed Combat
   779 | D:2      | Reached skill level 1 in Spellcasting
   779 | D:2      | Reached skill level 1 in Invocations
   779 | D:2      | Reached skill level 1 in Evocations
   779 | D:2      | Reached XP level 4. HP: 26/38 MP: 5/5
  1059 | D:2      | Found a faded altar of an unknown god.
  1446 | D:2      | Reached skill level 1 in Conjurations
  1446 | D:2      | Reached skill level 1 in Hexes
  1446 | D:2      | Reached skill level 1 in Summonings
  1446 | D:2      | Reached skill level 1 in Necromancy
  1446 | D:2      | Reached skill level 1 in Translocations
  1446 | D:2      | Reached skill level 1 in Transmutations
  1446 | D:2      | Reached skill level 1 in Fire Magic
  1446 | D:2      | Reached skill level 1 in Ice Magic
  1446 | D:2      | Reached skill level 1 in Air Magic
  1446 | D:2      | Reached skill level 1 in Earth Magic
  1446 | D:2      | Reached skill level 1 in Poison Magic
  1663 | D:3      | Noticed an ogre
  1783 | D:3      | Noticed Pargi
  1982 | D:3      | Found a sacrificial altar of Ru.
  2066 | D:3      | Noticed Ijyb
  2088 | D:3      | Killed Ijyb
  2089 | D:3      | Reached XP level 5. HP: 36/43 MP: 5/7
  2104 | D:3      | Noticed Grinder
  2105 | D:3      | Paralysed by Grinder for 7 turns
  2195 | D:3      | Paralysed by Grinder for 6 turns
  2203 | D:3      | Paralysed by Grinder for 3 turns
  2209 | D:3      | Killed from afar by Grinder

Illustrated notes

Levels and vault maps discovered:
D:1:      dpeg_arrival_rooms_with_view, layout_basic, serial_shops,
          nicolae_shop_waterfront, nicolae_shop_statue_plus,
          nicolae_shop_behind_doors, shop_fountains, nicolae_shop_trees
D:2:      minmay_razor_zed, layout_rooms,
          shapermc_ecumenical_altar_totnotflames, minmay_bisected, uniq_terence
D:3:      layout_basic, nicolae_ru_the_path_less_chosen, uniq_natasha,
          uniq_ijyb, uniq_grinder, uniq_pargi
D:4:      layout_cave_pools

Skill      XL: |  1  2  3  4 |
---------------+-------------+-----
Short Blades   | 1 |  1.4
Long Blades    | 1 |  1.4
Axes           | 1 |  1.4
Maces & Flails | 1 |  1.4
Polearms       | 1 |  1.4
Staves         | 1 |  1.4
Bows           | 1 |  1.4
Crossbows      | 1 |  1.4
Throwing       | 1 |  1.4
Armour         | 1 |  1.4
Shields        | 1 |  1.4
Unarmed Combat | 1 |  1.4
Spellcasting   | 1 |  1.4
Invocations    | 1 |  1.5
Evocations     | 1 |  1.4
Conjurations   | 1 |  1.1
Hexes          | 1 |  1.1
Summonings     | 1 |  1.1
Necromancy     | 1 |  1.1
Translocations | 1 |  1.1
Transmutations | 1 |  1.1
Fire Magic     | 1 |  1.1
Ice Magic      | 1 |  1.1
Air Magic      | 1 |  1.1
Earth Magic    | 1 |  1.1
Poison Magic   | 1 |  1.1
Fighting       | |  4.7
Slings         | |  8.6
Dodging        | |  4.7
Stealth        | |  2.7

Action                   |  1- 3 |  4- 6 || total
-------------------------+-------+-------++-------
 Fire: Hunting sling     |    78 |    94 ||   172
Armor: Leather armour    |       |     4 ||     4
Dodge: Dodged            |     7 |    11 ||    18

Table legend: (Time is in decaauts)
 A = Elapsed time spent in this place.
 B = Non-inter-level travel time spent in this place.
 C = Inter-level travel time spent in this place.
 D = Time resting spent in this place.
 E = Time spent auto-exploring this place.
 F = Levels seen in this place.
 G = Mean time per level.
                   A        B        C        D        E       F      G
               +--------+--------+--------+--------+--------+-----+--------+
         Total |   2174 |   2023 |    151 |     73 |   1527 |   4 |  543.5 |
       Dungeon |   2174 |   2023 |    151 |     73 |   1527 |   4 |  543.5 |
               +--------+--------+--------+--------+--------+-----+--------+

Top non-repeatable levels by time:
     D:2: 1017 daAuts
     D:1: 694 daAuts
     D:3: 459 daAuts
     D:4: 1 daAuts
